 Dungeon Crawl Stone Soup version 0.29.1-2-gbd0b4ee654 (webtiles) character file.

Game seed: 6182679245940132472

5399 Icepheonix32 the Nimble (level 10, -1/73 HPs)
             Began as a Demigod Transmuter on Nov 4, 2022.
             Slain by a yak (8 damage)
             ... on level 8 of the Dungeon.
             The game lasted 00:22:17 (10948 turns).

Icepheonix32 the Nimble (Demigod Transmuter)       Turns: 10948, Time: 00:22:18

Health: -1/73      AC:  2    Str: 12 (15) XL:     10   Next: 17%
Magic:  12/19      EV: 27    Int: 18 (21) God:
Gold:   346        SH:  0    Dex: 18 (19) Spells: 6/16 levels left

rFire   + . .      SeeInvis .     - Unarmed
rCold   . . .      Faith    .   (shield currently unavailable)
rNeg    . . .      Spirit   .   (body armour currently unavailable)
rPois   x          Reflect  .   (helmet currently unavailable)
rElec   .          Harm     .   (cloak currently unavailable)
rCorr   .          Rampage  .   (gloves currently unavailable)
Will    +....                   (boots currently unavailable)
Stlth   ++........              (no amulet)
HPRegen 0.22/turn               k - ring of flight
MPRegen 0.16/turn               q - ring of protection from fire

@: spider-form, wereblooded, attractive, flying, very slightly contaminated
A: venomous fangs, tiny, high MP 1, forlorn, divine attributes, dopey 1
a: End Transformation


You were on level 8 of the Dungeon.
You were a venomous arachnid creature.
You visited 1 branch of the dungeon, and saw 8 of its levels.
You also visited: Sewer.

You collected 494 gold pieces.
You spent 148 gold pieces at shops.

Inventory:

Missiles
 l - a curare-tipped dart
Armour
 i - a +0 cloak (melded)
 r - the +1 robe of the Pure Prophets (melded) {Will+}
   (You bought it in a shop on level 4 of the Dungeon)

   Will:      It increases your willpower.
 s - a +0 helmet (melded)
 y - a +0 pair of gloves (melded)
Magical Staves
 c - a staff of earth
Jewellery
 k - a ring of flight (left front leg)
 q - a ring of protection from fire (right front leg)
Wands
 o - a wand of acid (20)
 u - a wand of flame (17)
Scrolls
 d - a scroll of teleportation
 e - 3 scrolls of fog
 g - 4 scrolls of immolation
 h - 2 scrolls of magic mapping
 m - 5 scrolls of blinking
 p - a scroll of vulnerability
 t - 2 scrolls of fear
Potions
 f - 3 potions of degeneration
 j - 3 potions of brilliance
 n - 2 potions of mutation
 w - 2 potions of might
 x - a potion of cancellation


   Skills:
 + Level 1.6 Fighting
 * Level 9.4 Dodging
 + Level 1.8 Stealth
 + Level 8.7 Unarmed Combat
 + Level 3.7 Spellcasting
 * Level 7.9 Transmutations
 * Level 3.0 Ice Magic
 + Level 2.2 Poison Magic


You had 6 spell levels left.
You knew the following spells:

 Your Spells              Type           Power      Damage    Failure   Level
a - Beastly Appendage     Tmut           62%        N/A       3%          1
b - Spider Form           Tmut/Pois      21%        N/A       17%         3
c - Wereblood             Tmut           31%        N/A       4%          2
d - Ice Form              Ice/Tmut       23%        N/A       34%         4

Your spell library contained the following spells:

 Spells                   Type           Power      Damage    Failure   Level


Dungeon Overview and Level Annotations

Branches:
Dungeon (8/15)             Temple (0/1) D:5           Sewer (visited)
   Lair: D:8-11

Shops:
D:4 ?=[   D:5 =

Portals:
Ossuary: D:8


Innate Abilities, Weirdness & Mutations

You are a venomous arachnid creature.
You have poisonous fangs.
You are tiny and dextrous.
Your spellcasting is less reliable in this form.
Your armour is entirely melded.
You are incapable of wielding weapons or throwing items.
You have an increased reservoir of magic. (+10% MP)
You shall have no god before yourself.
Your divine heritage dramatically boosts your attributes as you level up.
You are dopey. (Int -2)


Message History

You bite the yak!
The yak is poisoned.
The yak is moderately wounded.
You hiss as the wereblood boils in your veins!
The yak completely misses you.
You hit the mummy but do no damage. The yak barely misses you.
The yak misses you. The mummy completely misses you.
You bite the yak!
The yak looks as sick as possible!
The yak is heavily wounded.
The yak gores you! x2
Unknown command.
The yak closely misses you. The yak barely misses you.
You feel better.
You feel a bit better.
You kill the yak!
The yak gores you!
* * * LOW HITPOINT WARNING * * *
Unknown command.
Casting: Spider Form (dangerous; 14% risk of failure)
Confirm with . or Enter, or press ? or * to list all spells.
You miscast Ice Form.
You are very lightly contaminated with residual magic.
Your body is flooded with distortional energies.
The yak gores you!
* * * LOW HITPOINT WARNING * * *
The mummy hits you.
* * * LOW HITPOINT WARNING * * *
Unknown command.
Unknown command.
It was a potion of degeneration.
There was something very wrong with that liquid.
You feel weakened.
You feel dopey.
You feel clumsy.
You hiss as the wereblood boils in your veins!
The yak barely misses you. The yak misses you.
It was a potion of attraction.
You feel attractive to monsters. The yak misses you.
The yak completely misses you. The mummy closely misses you.
Unknown command.
As you read the scroll of summoning, it crumbles to dust.
Wisps of shadow whirl around you... The yak misses you. The yak gores you!
You die...

##.....#### #..#..<# .......
#..##..### ....... #..###...#
....... #..'.##..## ....... #..
#..###.#..## ..>..... ###..
#..##.y##..##........
#....###..#Y.o###....# #.....
..........oMsy+ ##..####.....
#........#..#Y..###............
#...........##yo##.............
#...[.....#.###.#..^..........
#...........o∩##...........###
#......##...###..#.........# ##
#......##...##..#..........##..
#......#....#............)....#
#.......#....†..........#


You could see 2 yaks, a mummy (ally target), an orc, 3 friendly killer bees and
2 friendly orcs.

Vanquished Creatures
  Erica (D:8)
  A two-headed ogre (D:6)
  The ghost of om the Pure, an amateur TrAK of Lugonu (D:5)
  A yak (D:8)
  2 steam dragons
  2 water moccasins
  3 orc warriors
  A sky beast (D:6)
  2 centaurs
  An ogre (D:7)
  3 kobold brigands (D:3)
  3 phantoms
  8 bullfrogs
  2 necrophages (D:4)
  3 scorpions
  6 hounds
  3 orc priests
  Natasha (thrice) (D:2)
  6 iguanas
  8 orc wizards
  A mummy (D:6)
  9 gnolls (D:3)
  14 adders
  6 river rats
  3 shadow imps
  3 white imps
  A worm (D:5)
  36 orcs
  21 ball pythons
  7 bats
  7 endoplasms
  6 giant cockroaches
  3 goblins
  7 hobgoblins
  4 jackals (D:2)
  8 quokkas
  10 frilled lizards
  3 hobgoblin zombies
  52 kobolds
  2 kobold zombies (D:6)
  23 rats
286 creatures vanquished.

Notes
Turn   | Place    | Note
-------+----------+-------------------------------------------
     0 | D:1      | Icepheonix32 the Demigod Transmuter began the quest for the
                  | Orb.
     0 | D:1      | Reached XP level 1. HP: 15/15 MP: 5/5
   264 | D:1      | Reached skill level 2 in Dodging
   342 | D:1      | Reached XP level 2. HP: 16/22 MP: 7/7
  1002 | D:1      | Reached skill level 1 in Fighting
  1525 | D:2      | Reached XP level 3. HP: 27/28 MP: 6/8
  1792 | D:2      | Noticed Natasha
  1805 | D:2      | Killed Natasha
  2195 | D:2      | Reached XP level 4. HP: 25/35 MP: 7/9
  2307 | D:2      | Noticed Natasha
  2320 | D:2      | Killed Natasha
  2596 | D:2      | Noticed Natasha
  2611 | D:2      | Killed Natasha
  3176 | D:3      | Reached XP level 5. HP: 28/40 MP: 9/11
  3636 | D:3      | Found a glowing drain.
  3640 | Sewer    | Entered a sewer
  3994 | Sewer    | Reached skill level 3 in Dodging
  4725 | Sewer    | Reached skill level 1 in Stealth
  4725 | Sewer    | Reached XP level 6. HP: 25/47 MP: 10/12
  5272 | D:3      | Reached skill level 8 in Dodging
  5272 | D:3      | Reached XP level 7. HP: 52/52 MP: 11/13
  5323 | D:3      | Learned a level 3 spell: Spider Form
  5326 | D:3      | Learned a level 2 spell: Wereblood
  5331 | D:3      | Learned a level 4 spell: Ice Form
  6143 | D:3      | Reached XP level 8. HP: 59/59 MP: 5/15
  6404 | D:4      | Found Cuky's Jewellery Emporium.
  6476 | D:4      | Found Viajomi's Magic Scroll Emporium.
  6696 | D:4      | Noticed a torpor snail
  6793 | D:4      | Reached skill level 1 in Ice Magic
  7049 | D:4      | Found Kururghi's Antique Armour Boutique.
  7399 | D:4      | Bought a heavy robe for 148 gold pieces
  7399 | D:4      | Identified the +1 robe of the Pure Prophets {Will+} (You
                  | bought it in a shop on level 4 of the Dungeon)
  7423 | D:5      | Entered Level 5 of the Dungeon
  7624 | D:5      | Found a staircase to the Ecumenical Temple.
  7829 | D:5      | Noticed om's ghost (amateur TrAK)
  7832 | D:5      | Found a runed translucent door.
  8209 | D:5      | Found Cics's Jewellery Shoppe.
  8281 | D:5      | Killed om's ghost
  8282 | D:5      | Reached skill level 1 in Poison Magic
  8447 | D:6      | Noticed a two-headed ogre
  8471 | D:6      | Killed a two-headed ogre
  8472 | D:6      | Reached skill level 9 in Dodging
  8472 | D:6      | Reached XP level 9. HP: 64/64 MP: 17/17
 10480 | D:7      | Gained mutation: You are dopey. (Int -2) [mutagenic glow]
 10772 | D:8      | Noticed Erica
 10789 | D:8      | Killed Erica
 10790 | D:8      | Reached XP level 10. HP: 66/73 MP: 13/19
 10925 | D:8      | Found a sand-covered staircase.
 10948 | D:8      | Slain by a yak

Illustrated notes

Levels and vault maps discovered:
D:1:      saegor_arrival_simple_b, layout_loops_corners,
          hellmonk_ecumenical_altar_crossroads
D:2:      layout_loops_ring, minmay_misc_feat_hallway,
          kennysheep_generic_room_6, uniq_natasha
D:3:      minmay_goblin_kobold_castle, layout_basic, gup_sewer_entry_spiral
D:4:      layout_rooms, mainiacjoe_overflow_catch_the_wave, cheibriados_altar_2,
          serial_shops, nicolae_shop_crystal, nicolae_shop_stone,
          nicolae_stop_n_shop_1, nicolae_underground_beach
D:5:      wander_river, layout_loops_ring, minmay_temple_entry_large_hall,
          hellmonk_ghost_happy_afterlife, kennysheep_small_square
D:6:      layout_gridville, minmay_mini_ossuary
D:7:      layout_loops_ring, okawaru_gym_becter, mainiacjoe_overflow_alcove_2,
          trog_butcher_becter
D:8:      layout_rooms, jmf_multi_god_temple, nicolae_ossuary_entry_giza,
          kennysheep_just_a_vault, uniq_erica

Skill      XL: |  1  2  3  4  5  6  7  8  9 10 |
---------------+-------------------------------+-----
Unarmed Combat | 3 4 7 8 |  8.7
Dodging        | 2 3 8 9 |  9.4
Transmutations | 2 3 6 7 |  7.9
Fighting       | 1 |  1.6
Spellcasting   | 2 3 |  3.7
Stealth        | 1 |  1.8
Ice Magic      | 1 2 3 |  3.0
Poison Magic   | 1 2 |  2.2

Action                   |  1- 3 |  4- 6 |  7- 9 | 10-12 || total
-------------------------+-------+-------+-------+-------++-------
Melee: Unarmed           |   109 |   230 |   404 |    36 ||   779
       Kick              |    18 |    35 |     7 |       ||    60
       Headbutt          |    10 |    24 |     5 |       ||    39
       Punch             |       |     6 |     3 |       ||     9
 Cast: Beastly Appendage |    31 |    32 |     7 |       ||    70
       Spider Form       |       |       |    43 |     2 ||    45
       Wereblood         |       |       |     6 |     1 ||     7
       Ice Form          |       |       |    12 |       ||    12
 Abil: End Transformatio |       |       |     1 |       ||     1
Evoke: Wand              |       |       |     1 |       ||     1
  Use: Potion            |     1 |     8 |     4 |     3 ||    16
       Scroll            |       |    11 |     4 |     1 ||    16
 Stab: Sleeping          |     2 |       |     3 |       ||     5
       Invisible         |       |     2 |       |       ||     2
       Fleeing           |       |     1 |       |       ||     1
Armor: Robe              |    21 |    52 |    14 |     1 ||    88
       Skin              |     1 |       |    36 |     2 ||    39
Dodge: Dodged            |    50 |   262 |   368 |    51 ||   731
